Match 42208231
Unlisted

Match 42208231
End
Construct Barracks
Selects Heavy Weapons
Riflemen Squad
Riflemen Squad
Riflemen Squad
Grenade Package
Infantry Support Center
1⁄4-ton 4x4 Truck
Construct Weapon Support Center
M3 Armored Personnel Carrier
Selects Assault Carriers
Selects Exchangeable Parts
Engineer Squad
M3 Assault Carrier
M1919 Machine Gun Team
Selects M2HB .50cal Heavy Machine Gun
M3 Assault Carrier
M3 Assault Carrier
M1919 Machine Gun Team
Riflemen Squad
M1919 Machine Gun Team
Bazooka Squad
M1918 Browning Automatic Rifles
M3 Assault Carrier
Bazooka Squad
Engineer Squad
Advanced Logistics
Ξ Striker
Zazzels_ZA
Toramdo
Sparkle
Mo-J
Wheeler
0
0

Comments sign in to comment!

No comments posted yet!